 Dungeon Crawl Stone Soup version 0.19.5 (webtiles) character file.

532 tidbits the Ducker (level 7, 4/49 HPs)
             Began as a High Elf Assassin on Dec 12, 2017.
             Was a Follower of Cheibriados.
             Quit the game on level 6 of the Dungeon.
             The game lasted 00:17:43 (1883 turns).

tidbits the Ducker (High Elf Assassin)              Turns: 1883, Time: 00:17:44

Health: 4/49       AC:  6    Str: 14    XL:     7   Next: 4%
Magic:  11/11      EV: 15    Int: 17    God:    Cheibriados [*.....]
Gold:   137        SH:  0    Dex: 19    Spells: 0 memorised, 6 levels left

rFire  . . .     SeeInvis .     a - +2 dagger (venom)
rCold  . . .     Gourm    .     B - +0 robe
rNeg   . . .     Faith    .     (no shield)
rPois  .         Spirit   .     (no helmet)
rElec  .         Reflect  .     C - +2 cloak
rCorr  .         Harm     .     G - +0 pair of gloves
MR     .....                    (no boots)
Stlth  +++.......               (no amulet)
                                (no ring)
                                (no ring)

@: lethally poisoned (4 -> -4), drained, very slow
A: no striking features
a: Bend Time, Renounce Religion


You were on level 6 of the Dungeon.
You worshipped Cheibriados.
Cheibriados was aware of your devotion.
You were not hungry.

You visited 1 branch of the dungeon, and saw 6 of its levels.

You collected 137 gold pieces.

Inventory:

Hand Weapons
 a - a +2 dagger of venom (weapon)
   (You found it on level 2 of the Dungeon)
 b - a +0 blowgun
 d - a +0 hunting sling
   (You found it on level 3 of the Dungeon)
 g - a +0 scimitar
   (You took it off an orc warrior on level 4 of the Dungeon)
 j - a +0 whip of draining
   (You took it off a gnoll on level 4 of the Dungeon)
 p - a +2 dagger
Missiles
 f - a curare-tipped needle
 k - 14 arrows
 o - 11 sling bullets
 u - 36 poisoned needles
 w - 6 tomahawks (quivered)
Armour
 h - a +0 ring mail
   (You found it on level 2 of the Dungeon)
 B - a +0 robe (worn)
 C - a +2 cloak (worn)
 G - a +0 pair of gloves (worn)
   (You found it on level 4 of the Dungeon)
Magical Staves
 e - an uncursed staff of energy {!a}
   (You found it on level 4 of the Dungeon)
Wands
 t - a wand of heal wounds (0/9)
   (You found it on level 5 of the Dungeon)
Scrolls
 i - 3 scrolls of immolation
 m - 2 scrolls of random uselessness
 x - a scroll of remove curse
Potions
 s - a potion of resistance
Comestibles
 v - 2 meat rations


   Skills:
 + Level 4.5(4.2) Fighting
 - Level 2.4(2.1) Short Blades
 - Level 2.0(1.7) Throwing
 + Level 4.9(4.5) Dodging
 - Level 4.3(4.0) Stealth
 - Level 4.3(4.0) Invocations


You had 6 spell levels left.
You didn't know any spells.

Dungeon Overview and Level Annotations

Branches:
Dungeon (6/15)             Temple (0/1) D:5

Altars:
Ashenzari
Cheibriados
Fedhas
Zin

Shops:
D:4 :

Annotations:
D:5 Grinder


Message History

You can move again.
You fly downwards.
Found 16 stones.
There is a stone staircase leading up here.
You float gracefully downwards.
Okay, then.
Unknown command.
Your magical contamination has completely faded away.
Found a scroll of enchant armour.
A wight comes into view. It is wielding an enchanted war axe.
Found a scroll labeled GOKIKL UCHOTA.
Found 6 gold pieces.
An orc wizard comes into view. It is wielding a dagger.
The orc wizard shouts!
You see here 6 gold pieces.
An orc comes into view. It is wielding a dagger.
The orc shouts!
You closely miss the orc wizard.
The orc wizard points at you and mumbles some strange words.
The puff of flame hits you!
* * * LOW HITPOINT WARNING * * *
An orc wizard comes into view. It is wielding a dagger.
Okay, then.
Evoke which item? (* to show all) (? for menu, Esc to quit)
Zapping:
t - a wand of heal wounds {zapped: 3} (will waste charges)
Press: ? - help, Shift-Dir - straight line, f - you You feel much better.
Evoking this partially-identified wand wasted a few charges.
The orc wizard shouts!
The orc wizard hits you but does no damage.
You barely miss the orc wizard.
The orc wizard points at you and mumbles some strange words.
The magic dart hits you!
* * * LOW HITPOINT WARNING * * *
An orc comes into view. It is wielding a hand axe of venom.
Unknown command.
The orc shouts!
You hit the orc wizard.
The orc wizard is lightly wounded.
The orc wizard barely misses you.
You hit the orc wizard but do no damage.
The orc wizard is poisoned.
The orc wizard is lightly wounded.
The orc wizard mumbles some strange words.
The orc wizard flickers and vanishes!
Deactivating autopickup; reactivate with Ctrl-A.
You barely miss the orc. You hit the orc.
The orc is poisoned.
The orc is severely wounded.
The orc hits you with a dagger.
* * * LOW HITPOINT WARNING * * *
Evoke which item? (* to show all) (? for menu, Esc to quit)
Okay, then.
You hit the orc.
The orc looks as sick as possible!
The orc is almost dead.
You kill the orc!
Cheibriados appreciates the change of pace.
You hit the orc wizard.
The orc wizard looks as sick as possible!
The orc wizard is severely wounded.
You hit the orc wizard but do no damage.
The orc wizard is severely wounded.
The orc wizard closely misses you.
You hit the orc wizard but do no damage.
The orc wizard looks as sick as possible!
The orc wizard is severely wounded.
The orc wizard barely misses you.
You hit the orc wizard.
The orc wizard looks as sick as possible!
The orc wizard is almost dead.
You kill the orc wizard!
Cheibriados appreciates the change of pace.
You hit something but do no damage. Something barely misses you.
You barely miss something. You hit something.
You hear some strange, mumbled words.
A puff of frost appears from out of thin air!
The puff of frost hits you!
* * * LOW HITPOINT WARNING * * *
You hit something but do no damage. Something hits you.
* * * LOW HITPOINT WARNING * * *
You completely miss something. Something barely misses you.
You hit something.
Cheibriados appreciates the change of pace.
Reactivating autopickup.
You have reached level 7!
You feel a bit more experienced.
You hit the orc.
The orc is poisoned.
The orc is severely wounded.
The orc hits you with a hand axe of venom.
* * * LOW HITPOINT WARNING * * *
You are lethally poisoned!
Okay, then.
Evoke which item? (* to show all) (? for menu, Esc to quit)
Zapping:
t - a wand of heal wounds {zapped: 6} (will waste charges)
Press: ? - help, Shift-Dir - straight line, f - you Nothing appears to happen.
* * * LOW HITPOINT WARNING * * *
You feel sick. The orc misses you.
Are you sure you want to abandon this character and quit the game? (Confirm with "yes".)

###.###########..#
#.# #..# #.# #..#
#.# #..# ###.#
#..# #<.(# #..#
##### #######..#
.......$.#
#######@## #o# #.#
#.# #.# #.# #.#
#.#


You could see an orc.

Vanquished Creatures
  A hungry ghost (D:3)
  An orc warrior (D:4)
  A crimson imp (D:4)
  3 orc wizards
  A howler monkey skeleton (D:4)
  5 gnolls
  7 adders
  3 oozes
  2 worms
  A leopard gecko (D:1)
  4 orcs
  A giant cockroach (D:1)
  2 goblins
  6 hobgoblins
  10 jackals
  2 kobolds
  6 bats
  3 frilled lizards
  A jackal skeleton (D:4)
  6 rats
66 creatures vanquished.

Notes
Turn   | Place    | Note
-------+----------+-------------------------------------------
     0 | D:1      | tidbits the High Elf Assassin began the quest for the Orb.
     0 | D:1      | Reached XP level 1. HP: 14/14 MP: 2/2
   138 | D:2      | Found a blossoming altar of Fedhas.
   151 | D:2      | Reached skill level 2 in Dodging
   151 | D:2      | Reached XP level 2. HP: 20/20 MP: 3/3
   297 | D:1      | Reached XP level 3. HP: 25/25 MP: 4/4
   531 | D:2      | Reached skill level 3 in Fighting
   531 | D:2      | Reached skill level 3 in Dodging
   564 | D:3      | Found a glowing silver altar of Zin.
   666 | D:3      | Found a shattered altar of Ashenzari.
   723 | D:3      | Reached XP level 4. HP: 20/31 MP: 5/5
   740 | D:4      | Found a snail-covered altar of Cheibriados.
   744 | D:4      | Became a worshipper of Cheibriados the Contemplative
   816 | D:3      | HP: 3/31 [gnoll/halberd (5)]
  1067 | D:4      | Noticed an orc warrior
  1085 | D:4      | Killed an orc warrior
  1085 | D:4      | Reached skill level 4 in Fighting
  1085 | D:4      | Reached skill level 4 in Dodging
  1085 | D:4      | Reached XP level 5. HP: 37/37 MP: 6/6
  1119 | D:4      | Noticed a hungry ghost
  1199 | D:3      | Killed a hungry ghost
  1199 | D:3      | Reached skill level 3 in Invocations
  1199 | D:3      | Reached XP level 6. HP: 9/44 MP: 3/9
  1313 | D:4      | HP: 3/44 [gnoll/whip of draining (2)]
  1435 | D:4      | Found Sorhalie's Book Shoppe.
  1601 | D:4      | Reached skill level 4 in Invocations
  1634 | D:5      | Entered Level 5 of the Dungeon
  1781 | D:5      | Noticed Grinder
  1781 | D:5      | Reached * piety under Cheibriados
  1797 | D:5      | Paralysed by Grinder for 4 turns
  1808 | D:5      | Paralysed by Grinder for 4 turns
  1826 | D:5      | Paralysed by Grinder for 6 turns
  1880 | D:6      | Reached XP level 7. HP: 10/49 MP: 11/11
  1882 | D:6      | HP: 4/49 [poisoned by an orc]
  1883 | D:6      | Quit the game

Skill      XL: |  1  2  3  4  5  6 |
---------------+-------------------+-----
Dodging        | 2 3 4 |  4.9
Fighting       | 3 4 |  4.5
Invocations    | 3 4 |  4.3
Short Blades   | |  2.4
Throwing       | |  2.0
Stealth        | |  4.3

Action                   |  1- 3 |  4- 6 |  7- 9 || total
-------------------------+-------+-------+-------++-------
Melee: Dagger            |    90 |   208 |     1 ||   299
 Fire: Blowgun           |     1 |    13 |       ||    14
Throw: Throwing net      |       |     5 |       ||     5
Invok: Bend Time         |       |     4 |       ||     4
Evoke: Wand              |       |     2 |       ||     2
  Use: Potion            |       |     5 |       ||     5
       Scroll            |       |     8 |       ||     8
 Stab: Sleeping          |     9 |     1 |       ||    10
       Distracted        |     1 |       |       ||     1
       Held in net/web   |       |     4 |       ||     4
       Invisible         |       |     1 |       ||     1
  Eat: Chunk             |       |     1 |       ||     1
       Fruit             |       |     6 |       ||     6
       Bread ration      |       |     3 |       ||     3
Armor: Robe              |    17 |    34 |       ||    51
Dodge: Dodged            |    56 |   114 |     1 ||   171

Table legend:
 A = Turns spent in this place as a percentage of turns spent in the entire game.
 B = Non-inter-level travel turns spent in this place as a percentage of non-inter-level travel turns spent in the entire game.
 C = Inter-level travel turns spent in this place as a percentage of turns spent in this place.
 D = Turns resting spent in this place as a percentage of non-inter-level travel turns spent in this place.
 E = Turns spent auto-exploring this place as a percentage of non-inter-level travel turns spent in this place.
 F = Non-inter-level travel turns spent in this place divided by the number of levels of this place that you've seen.
                   A       B       C       D       E      F
               +-------+-------+-------+-------+-------+----------------------
         Total | 100.0 | 100.0 |   0.0 |   0.0 |   0.0 | 304.8
       Dungeon | 100.0 | 100.0 |   0.0 |   0.0 |   0.0 | 304.8
               +-------+-------+-------+-------+-------+----------------------

Table legend:
 A = Kills in this place as a percentage of kills in entire the game.
 B = Kills by you in this place as a percentage of kills by you in the entire game.
 C = Kills by friends in this place as a percentage of kills by friends in the entire game.
 D = Other kills in this place as a percentage of other kills in the entire game.
 E = Experience gained in this place as a percentage of experience gained in the entire game.
 F = Experience gained in this place divided by the number of levels of this place that you have seen.
                   A       B       C       D       E      F
               +-------+-------+-------+-------+-------+----------------------
         Total | 100.0 | 100.0 |  -nan |  -nan | 100.0 | 126.8
       Dungeon | 100.0 | 100.0 |  -nan |  -nan | 100.0 | 126.8
               +-------+-------+-------+-------+-------+----------------------

Vault maps used:
D:1:      minmay_arrival_plants_in_alcoves, minmay_misc_feat_more_columns
D:2:      fedhas_altar_1, first_bread
D:3:      lemuel_crystal_altar, ashenzari_conservatory_becter
D:4:      cheibriados_altar_1, serial_shops,
          nicolae_shop_temple_entry_statues_fountains
D:5:      lightli_temple_of_fire, lemuel_round_altar,
          grunt_temple_overflow_open, nemelex_xobeh_ov_fountains_minmay,
          minmay_temple_entry_trees, minmay_misc_feat_room,
          minmay_misc_feat_rugged, uniq_grinder
D:6:      nicolae_lava_and_water, nicolae_qazlal_general_emergency
